Map: Odyssey LE

Players

iAsonu

  • Race: Zerg Zerg
  • Spawn Location: 5:00

Stephano - Winner!

  • Race: Zerg Zerg
  • Spawn Location: 11:00

Event: WCS Jonkoping 2017

VOD

Have the link to the VOD?

Description

Time

  • Played on: June 17, 2017, 1:50 p.m.
  • Length: 12:39

All games in this series

Show
View Real Time Build Order
Export as new Build Order

iAsonu Zerg 

Build Orders: Hatch First, Zergling Baneling 

Get SALT Encoding   

  12  0:01  Drone  
  13  0:12  Overlord  
  13  0:17  Drone  
  14  0:30  Drone  
  14  0:31  Drone  
  14  0:35  Drone  
  17  0:52  Hatchery  
  17  0:54  Drone  
  17  0:57  Drone  
  18  1:08  Extractor  
  17  1:12  Spawning Pool  
  17  1:15  Drone  
  17  1:18  Drone  
  18  1:27  Drone  
  19  1:38  Overlord  
  19  1:50  Drone  
  20  1:59  Queen  
  20  2:00  Zergling x2  
  23  2:03  Queen  
  23  2:04  Drone  
  23  2:07  Metabolic Boost  
  26  2:11  Drone  
  26  2:15  Drone  
  28  2:22  Drone  
  29  2:25  Drone  
  30  2:33  Baneling Nest, Drone  
  30  2:38  Zergling x2  
  31  2:46  Hatchery  
  31  2:50  Drone x2  
  32  2:56  Overlord  
  32  3:03  Zergling x2  
  34  3:07  Zergling x2  
  34  3:09  Zergling x2  
  36  3:16  Baneling x2  
  36  3:20  Baneling  
  36  3:21  Baneling  
  36  3:23  Extractor  
  36  3:24  Zergling x6  
  38  3:31  Overlord  
  38  3:39  Overlord  
  39  3:47  Baneling  
  39  3:51  Hatchery  
  39  3:53  Zergling x4  
  39  3:54  Baneling x2  
  38  3:58  Zergling x4  
  38  4:00  Zergling x2  
  38  4:01  Zergling x10  
  45  4:13  Queen  
  46  4:19  Drone x2  
  46  4:21  Baneling x2  
  45  4:28  Zergling x4  
  44  4:31  Drone  
  44  4:32  Drone x3  
  44  4:34  Zergling x2  
  44  4:35  Zergling x4  
  50  4:38  Extractor, Drone  
  50  4:39  Roach Warren  
  49  4:48  Drone x2  
  51  4:58  Drone  
  51  4:59  Overlord  
  49  5:07  Drone  
  49  5:08  Drone, Overlord  
  51  5:15  Drone  
  51  5:16  Baneling x2  
  51  5:18  Baneling x2  
  51  5:19  Drone x2  
  54  5:25  Overlord  
  53  5:30  Roach x3  
  58  5:36  Roach x2  
  58  5:40  Roach x2  
  66  5:45  Roach x2  
  66  5:47  Zergling x4  
  67  5:56  Roach x4  
  73  5:59  Roach  
  75  6:09  Roach  
  75  6:10  Roach  
  75  6:11  Overlord  
  79  6:12  Drone x3  
  79  6:17  Overlord  
  82  6:24  Overlord  
  81  6:29  Overlord  
  81  6:34  Zergling x16  
  81  6:35  Extractor  
  88  6:40  Lair  
  88  6:42  Drone x2  
  88  6:43  Evolution Chamber, Drone  
  88  6:44  Drone x3  
  88  6:47  Drone  
  94  6:48  Drone  
  94  6:54  Drone x2  
  97  6:55  Drone x2  
  97  6:56  Drone  
  97  6:59  Drone  
  101  7:03  Drone  
  101  7:06  Roach  
  102  7:09  Zerg Missile Weapons Level 1  
  102  7:10  Drone x2  
  102  7:12  Extractor  
  102  7:13  Extractor  
  102  7:14  Roach x2  
  106  7:19  Roach x3  
  106  7:20  Baneling  
  106  7:21  Baneling  
  106  7:22  Drone  
  113  7:28  Overlord  
  113  7:29  Overlord  
  113  7:31  Baneling  
  113  7:32  Overlord  
  113  7:38  Baneling, Overlord  
  113  7:42  Overlord  
  113  7:50  Overlord  
  112  7:54  Baneling x2  
  111  8:00  Roach x3  
  111  8:01  Roach x8  
  132  8:07  Glial Reconstitution  
  127  8:13  Overseer  
  127  8:20  Roach x4  
  127  8:24  Overlord  
  127  8:25  Drone  
  127  8:26  Drone x2  
  138  8:27  Overlord  
  136  8:39  Drone x4  
  136  8:40  Overlord  
  140  8:44  Extractor, Roach  
  140  8:45  Overseer, Roach x2  
  140  8:47  Hatchery  
  144  8:54  Roach x4  
  152  9:00  Ravager x4  
  152  9:02  Roach x3  
  162  9:07  Zerg Missile Weapons Level 2  
  162  9:16  Roach  
  162  9:17  Roach x5  
  174  9:28  Roach  
  174  9:29  Overlord x3  
  176  9:31  Tunneling Claws  
  176  9:32  Burrow  
  176  9:35  Overlord  
  176  9:50  Overseer  
  176  9:51  Overseer  
  176  9:52  Overseer  
  176  9:53  Spine Crawler  
  176  9:54  Spine Crawler  
  176  9:55  Spine Crawler  
  173  10:01  Roach x6  
  185  10:10  Spine Crawler  
  178  10:27  Roach  
  178  10:28  Roach x9  
  189  10:36  Overseer  
  160  10:49  Drone x9  
  160  10:51  Roach x6  
  151  10:57  Roach  
  151  10:58  Roach  
  153  11:11  Spire  
  136  11:21  Drone  
  136  11:22  Drone x2  
  136  11:23  Roach x5  
  136  11:24  Roach  
  136  11:25  Roach x3  
  145  11:29  Ravager x3  
  145  11:30  Ravager x3  
  151  11:39  Overseer  
  132  12:02  Roach x10  
Show
View Real Time Build Order
Export as new Build Order

Stephano Zerg - Winner!

Build Orders: Hatch First, Zergling Baneling 

Get SALT Encoding   

  12  0:00  Drone  
  13  0:12  Overlord  
  13  0:17  Drone  
  14  0:31  Drone x2  
  14  0:34  Drone  
  17  0:51  Hatchery  
  17  0:54  Drone  
  17  0:57  Drone  
  18  1:08  Extractor  
  17  1:12  Spawning Pool  
  17  1:15  Drone  
  17  1:19  Drone  
  18  1:29  Drone  
  19  1:39  Overlord  
  19  1:59  Queen  
  19  2:00  Zergling x2  
  19  2:01  Zergling x2  
  23  2:02  Queen  
  23  2:03  Zergling x2  
  26  2:08  Metabolic Boost  
  27  2:15  Drone x2  
  27  2:22  Drone  
  30  2:30  Drone  
  30  2:33  Drone  
  30  2:34  Queen  
  33  2:46  Hatchery  
  33  2:49  Zergling x2  
  33  2:52  Overlord  
  34  2:58  Drone x2  
  34  3:03  Drone  
  36  3:06  Baneling Nest  
  36  3:10  Drone  
  36  3:14  Drone x2  
  36  3:15  Drone  
  36  3:17  Zergling x2  
  40  3:23  Overlord  
  40  3:25  Zergling x2  
  41  3:37  Zergling x6  
  44  3:52  Zergling x2  
  44  3:54  Drone  
  44  3:55  Baneling  
  44  3:56  Baneling x3  
  44  3:59  Drone x5  
  44  4:00  Overlord  
  44  4:01  Drone  
  49  4:05  Zergling x2  
  48  4:10  Queen  
  48  4:12  Zergling x4  
  51  4:18  Zergling x2  
  51  4:25  Zergling x4  
  51  4:26  Zergling x2  
  52  4:32  Zergling x6  
  52  4:33  Zergling x8, Baneling  
  52  4:34  Baneling  
  52  4:37  Drone  
  59  4:39  Extractor  
  59  4:40  Extractor  
  59  4:42  Roach Warren  
  59  4:44  Evolution Chamber, Overlord  
  55  4:49  Overlord  
  55  4:51  Drone x2  
  57  4:55  Baneling x3  
  57  4:56  Drone  
  56  5:02  Overlord  
  56  5:05  Zergling x6  
  56  5:08  Drone x3  
  56  5:10  Zerg Missile Weapons Level 1  
  59  5:15  Drone x3  
  62  5:25  Drone  
  63  5:30  Overlord  
  63  5:34  Zergling x4  
  63  5:35  Lair  
  60  5:36  Drone x2  
  60  5:39  Overlord  
  59  6:00  Drone x3  
  59  6:02  Overlord  
  62  6:06  Roach x3  
  62  6:07  Drone x2  
  62  6:08  Drone  
  71  6:12  Drone  
  71  6:13  Drone x2  
  71  6:17  Drone  
  74  6:19  Drone x3  
  74  6:24  Roach x2  
  80  6:30  Roach x2  
  80  6:31  Spine Crawler  
  83  6:34  Glial Reconstitution, Roach, Spine Crawler  
  83  6:37  Ravager x2  
  85  6:41  Roach x3  
  85  6:42  Roach x2  
  85  6:45  Roach  
  85  6:46  Roach  
  99  6:51  Roach x2  
  103  6:55  Roach  
  103  6:57  Overlord  
  103  6:59  Roach  
  107  7:03  Roach  
  107  7:04  Roach  
  111  7:09  Extractor  
  111  7:10  Extractor, Overlord  
  111  7:15  Overlord  
  109  7:19  Hatchery  
  109  7:20  Drone x2, Overlord  
  110  7:28  Drone x4  
  115  7:30  Extractor, Drone x4  
  115  7:34  Drone  
  115  7:36  Zerg Missile Weapons Level 2  
  117  8:01  Drone  
  111  8:06  Drone x7  
  111  8:09  Drone x6  
  121  8:13  Drone  
  121  8:14  Drone x2  
  124  8:24  Burrow  
  124  8:25  Tunneling Claws, Roach x6  
  134  8:34  Overlord  
  134  8:35  Overlord x4  
  134  8:45  Drone x2  
  134  8:46  Overlord  
  134  8:47  Spine Crawler, Overlord  
  134  8:48  Pneumatized Carapace  
  135  8:56  Roach x8  
  135  9:02  Roach x3  
  159  9:03  Roach  
  161  9:10  Roach x5  
  161  9:15  Ravager x8  
  177  9:17  Roach  
  177  9:18  Roach  
  177  9:21  Overlord  
  177  9:22  Overlord  
  177  9:23  Overlord  
  181  9:29  Roach Warren  
  180  9:33  Overlord  
  180  9:49  Roach x10  
  200  9:55  Roach x3  
  200  9:56  Roach  
  200  9:59  Zerg Ground Armor Level 1  
  200  10:03  Roach  
  200  10:04  Roach x2  
  200  10:05  Roach x3  
  200  10:06  Roach  
  196  10:13  Roach x4  
  188  10:14  Roach x6  
  196  10:23  Roach x2  
  196  10:24  Roach  
  186  10:29  Roach x8  
  193  10:42  Roach x12  
  192  10:49  Roach x3  
  200  10:50  Roach x4  
  200  10:51  Overseer  
  200  11:02  Spine Crawler  
  187  11:04  Overseer, Spine Crawler  
  187  11:05  Spine Crawler x2  
  187  11:08  Extractor  
  183  11:21  Roach x8  
  199  11:32  Roach x2  
  199  11:33  Roach  
  199  11:34  Overseer, Roach x2  
  199  11:35  Roach x5  
  199  11:36  Spine Crawler x2, Roach x2  
  199  11:37  Roach, Spine Crawler  
  199  11:39  Spine Crawler x2  
  194  11:43  Spine Crawler  
  194  11:46  Roach x3  
  193  11:54  Roach  
  193  11:55  Roach x2  
  193  11:58  Roach x2  
  193  11:59  Roach x3  
  196  12:07  Roach  
  196  12:08  Roach x6  
  177  12:16  Roach x8  
  200  12:33  Hydralisk Den  
Tags
 
Add a new tag
Caveats
  • Supply blocks, unpowered buildings, or Contaminate may cause inaccurate times.
  • Supply counts are checked every 10 seconds.